[Event "KNSB Bekerfinale 2022-2023"]
[Site "Utrecht, Netherlands"]
[Date "2023.05.18"]
[Round "1.1"]
[White "Burg, Twan"]
[Black "Lombaers, Peter"]
[Result "1/2-1/2"]
[TimeControl "100 minutes + increment 10 seconds"]
[WhiteTitle "GM"]
[BlackTitle "FM"]
[WhiteFideId "1010697"]
[BlackFideId "1032852"]
[WhiteElo "2524"]
[BlackElo "2368"]

1. e4 c5 2. Nf3 d6 3. Bb5+ Bd7 4. Bxd7+ Nxd7 5. O-O Ngf6 6. Qe2 e6 7. b3 Be7 8. Bb2 O-O 9. d4 cxd4 10. Nxd4 Nc5 11. Nd2 a6 12.
c4 Re8 13. f4 d5 14. cxd5 exd5 15. e5 Nfe4 16. N2f3 f6 17. Rad1 Qb6 18. Kh1 fxe5 19. Nxe5 Bf6 20. Qh5 Bxe5 21.
fxe5 Qg6 22. Qxg6 hxg6 23. Kg1 Rad8 24. Nc2 Ne6 25. Rfe1 N4c5 26. Rd2 Ne4 27. Rdd1 N4c5 28. Bd4 Nxd4 29.
Nxd4 Ne6 30. Nf3 d4 31. Re4 Rd5 32. Rg4 Kh7 33. Rd3 Rc8 34. Re4 Rcd8 35. Rh4+ Kg8 36. Rg4 Kh7 37. Rd2 Rc8 38.
Nxd4 Nxd4 39. Rgxd4 Rxe5 40. Rd7 Rb5 41. h3 g5 42. Re7 a5 43. Rdd7 Rc2 44. Rxg7+ Kh6 45. Rg8 Rxa2 46. Rdg7 Rb2 47.
Rg6+ Kh7 48. Rxg5 R2xb3 49. R5g7+ Kh6 50. Kh2 Rc5 51. h4 a4 52. Rg6+ Kh7 53. R8g7+ Kh8 54. Rd7 a3 55. Re6 Rc8 56. Ree7 a2 57. Rh7+ Kg8 58. Rhg7+ 1/2-1/2

[Event "KNSB Bekerfinale 2022-2023"]
[Site "Utrecht, Netherlands"]
[Date "2023.05.18"]
[Round "1.2"]
[White "ten Hertog, Hugo"]
[Black "Fridman, Daniel"]
[Result "1/2-1/2"]
[TimeControl "100 minutes + increment 10 seconds"]
[WhiteTitle "GM"]
[BlackTitle "GM"]
[WhiteFideId "1026356"]
[BlackFideId "11600454"]
[WhiteElo "2526"]
[BlackElo "2574"]

1. c4 e6 2. Nf3 d5 3. e3 Nf6 4. b3 Bd6 5. Bb2 O-O 6. Nc3 a6 7. d4 b6 8. Bd3 Bb7 9. O-O Nbd7 10.
cxd5 exd5 11. Rc1 Qe7 12. Ne2 Ne4 13. Rc2 f5 14. Qa1 Rae8 15. Ne5 Bxe5 16. dxe5 Nec5 17. Nf4 g5 18. Nh5 Nxd3 19.
Rxc7 Bc8 20. Nf6+ Rxf6 21. exf6 Qd6 22. Rfc1 N3c5 23. Rxc8 Rxc8 24. b4 Rf8 25. bxc5 bxc5 26. h4 gxh4 27.
Qb1 Nxf6 28. Qxf5 Ne4 29. Qg4+ Qg6 30. Qxg6+ hxg6 31. f3 Ng3 32. Rxc5 Rb8 33. Rc2 Kf7 34. Kf2 Ke6 35. Rc6+ Kd7 36.
Rc2 Ke6 37. Ke1 Nf5 38. Kd2 Nd6 39. Kd3 Nc4 40. Bd4 Rb1 41. Re2 a5 42. Bc3 Rd1+ 43. Kc2 Rg1 44. Bd4 a4 45. e4 Na3+ 46.
Kb2 Nc4+ 47. Kc3 Rc1+ 48. Kb4 a3 49. Bc3 Kd6 50. exd5 Kxd5 51. Re1 Rxe1 52. Bxe1 Ne3 53. Bxh4 Nxg2 54.
Bf2 g5 55. Kxa3 Nh4 56. f4 gxf4 57. Bxh4 Ke5 1/2-1/2

[Event "KNSB Bekerfinale 2022-2023"]
[Site "Utrecht, Netherlands"]
[Date "2023.05.18"]
[Round "1.3"]
[White "Pavlidis, Antonios"]
[Black "Kerigan, Demre"]
[Result "1-0"]
[TimeControl "100 minutes + increment 10 seconds"]
[WhiteTitle "GM"]
[BlackTitle "IM"]
[WhiteFideId "4212312"]
[BlackFideId "6307841"]
[WhiteElo "2559"]
[BlackElo "2357"]

1. e4 d6 2. d4 Nf6 3. Nc3 g6 4. g3 Bg7 5. Bg2 O-O 6. Nge2 e5 7. O-O c6 8. a4 a5 9. h3 Na6 10.
Be3 Nb4 11. Qd2 Re8 12. Rad1 Be6 13. f4 exd4 14. Nxd4 Bc4 15. Rfe1 Qc7 16. Qf2 d5 17. e5 Nd7 18. b3 Ba6 19.
Ncb5 Bxb5 20. axb5 c5 21. c3 cxd4 22. Bxd4 Nc6 23. bxc6 bxc6 24. c4 dxc4 25. bxc4 Rab8 26. Kh1 Rb4 27.
Qa2 a4 28. Bc3 Rb3 29. Qxa4 Nc5 30. Qa1 Bf8 31. Kh2 Qb7 32. Rb1 Rb8 33. Rxb3 Qxb3 34. e6 Nxe6 35. Rxe6 fxe6 36. Qe1 Kf7 37.
Qe5 Qxc4 38. Qxb8 Qxc3 39. Qb7+ Be7 40. Bxc6 Qb4 41. Qd7 Qb2+ 42. Bg2 Qc3 43. h4 Qe3 44. Qb7 Kf8 45. Qc8+ Kf7 46.
Qh8 h5 47. Qh7+ Kf6 48. Qg8 Qe1 49. Kh3 Qe3 50. Bc6 e5 51. Be8 exf4 52. Qf7+ Ke5 53. Qxe7+ Kd4 54. Qb4+ Ke5 55. Qe7+ Kd4 56.
Qd6+ Kc3 57. Qc6+ Kd4 58. Qb6+ Ke5 59. Qxe3+ fxe3 60. Kg2 Kf5 61. Kf3 g5 62. Bd7+ Kf6 63. hxg5+ Kxg5 64. Bh3 1-0

[Event "KNSB Bekerfinale 2022-2023"]
[Site "Utrecht, Netherlands"]
[Date "2023.05.18"]
[Round "1.4"]
[White "Wemmers, Xander"]
[Black "Bosch, Jeroen"]
[Result "1/2-1/2"]
[TimeControl "100 minutes + increment 10 seconds"]
[WhiteTitle "IM"]
[BlackTitle "IM"]
[WhiteFideId "1004182"]
[BlackFideId "1001280"]
[WhiteElo "2350"]
[BlackElo "2419"]

1. d4 Nf6 2. c4 d6 3. Nc3 Nbd7 4. e4 e5 5. Nf3 Be7 6. Be2 c6 7. Rb1 O-O 8. O-O a5 9. Qc2 Qc7 10.
b3 Re8 11. a3 Bf8 12. b4 axb4 13. axb4 g6 14. h3 exd4 15. Nxd4 Bg7 16. Rd1 h6 17. Bf4 Ne5 18. Bg3 Qe7 19.
f4 Ned7 20. Bf3 Nb6 21. Qd3 Ra3 22. Rb3 Rxb3 23. Nxb3 Nxc4 24. Qxc4 Be6 25. Nd5 cxd5 26. exd5 Bd7 27. Re1 Qd8 28.
Rxe8+ Nxe8 29. Bf2 Qc7 30. Qxc7 Nxc7 31. Na5 Bc3 32. Nxb7 Bxb4 33. Bb6 Nb5 34. Kf2 1/2-1/2

[Event "KNSB Bekerfinale 2022-2023"]
[Site "Utrecht, Netherlands"]
[Date "2023.05.18"]
[Round "1.5"]
[White "Warmerdam, Max"]
[Black "Lopez, Jasel"]
[Result "1/2-1/2"]
[TimeControl "100 minutes + increment 10 seconds"]
[WhiteTitle "GM"]
[BlackTitle "IM"]
[WhiteFideId "1048104"]
[BlackFideId "15900045"]
[WhiteElo "2607"]
[BlackElo "2401"]

1. Nf3 d5 2. g3 c6 3. Bg2 Bg4 4. h3 Bh5 5. c4 e6 6. d4 Nf6 7. Nc3 Nbd7 8. cxd5 Bxf3 9. Bxf3 cxd5 10.
g4 Bb4 11. g5 Ne4 12. Bxe4 dxe4 13. Qc2 Qa5 14. Rg1 O-O 15. Bd2 Qf5 16. a3 Bxc3 17. Bxc3 Nb6 18. e3 Nd5 19. Rg4 Rfc8 20.
Rc1 Rc6 21. Qxe4 Rac8 22. Qxf5 exf5 23. Rg1 Nxc3 24. bxc3 Rxc3 25. Rxc3 Rxc3 26. Ke2 Kf8 27. a4 b6 28. a5 b5 29.
a6 Rc6 30. Rb1 Rb6 31. f3 Ke7 32. e4 fxe4 33. fxe4 Kd6 34. Kd3 Ke6 35. h4 f6 36. gxf6 gxf6 37. d5+ Kd6 38. Rf1 Kc5 39.
Rc1+ Kd6 40. Rf1 Kc5 41. Rc1+ 1/2-1/2

[Event "KNSB Bekerfinale 2022-2023"]
[Site "Utrecht, Netherlands"]
[Date "2023.05.18"]
[Round "1.6"]
[White "Lahaye, Rick"]
[Black "Pruijssers, Roeland"]
[Result "0-1"]
[TimeControl "100 minutes + increment 10 seconds"]
[WhiteTitle "IM"]
[BlackTitle "GM"]
[WhiteFideId "1007092"]
[BlackFideId "10130108"]
[WhiteElo "2427"]
[BlackElo "2534"]

1. c4 e6 2. Nf3 d5 3. g3 d4 4. d3 c5 5. b4 cxb4 6. Bg2 Nc6 7. a3 Nf6 8. O-O a5 9. axb4 Bxb4 10.
Ba3 Bd7 11. Nbd2 O-O 12. Nb3 e5 13. Nc5 Qe7 14. Nxd7 Nxd7 15. Bb2 Nc5 16. e3 Rad8 17. exd4 exd4 18. Nh4 Rfe8 19. Nf5 Qf6 20.
Ne3 Qg6 21. Nd5 Nxd3 22. Ba3 Bxa3 23. Rxa3 Nc5 24. Nf4 Qd6 25. Bd5 Ne4 26. Qh5 Rd7 27. c5 Qxc5 28. Rb3 g6 29. Qe2 Rxd5 30.
Nxd5 Qxd5 31. Rb5 Qd7 32. Qb2 Re7 33. Qb3 Nd2 0-1

[Event "KNSB Bekerfinale 2022-2023"]
[Site "Utrecht, Netherlands"]
[Date "2023.05.18"]
[Round "1.7"]
[White "Beerdsen, Thomas"]
[Black "Kumar, Prajit Sai"]
[Result "1-0"]
[TimeControl "100 minutes + increment 10 seconds"]
[WhiteTitle "IM"]
[WhiteFideId "1030108"]
[BlackFideId "1070207"]
[WhiteElo "2507"]
[BlackElo "2256"]

1. e4 c5 2. Nf3 Nc6 3. Bb5 e6 4. O-O Nge7 5. Re1 Nd4 6. Nxd4 cxd4 7. c3 a6 8. Ba4 b5 9. Bb3 Nc6 10.
d3 Bc5 11. Qg4 Qf6 12. Qg3 O-O 13. Bf4 Bb7 14. Nd2 e5 15. Bg5 Qg6 16. Bd5 h6 17. Bh4 Qxg3 18. Bxg3 dxc3 19. bxc3 Rfe8 20.
Reb1 Rab8 21. d4 Nxd4 22. cxd4 Bxd4 23. Bxb7 Bxa1 24. Bxa6 Ra8 25. Bxb5 Rxa2 26. Bc4 Rxd2 27. Rxa1 Rc8 28.
Bd5 Rdc2 29. h4 Rc1+ 30. Rxc1 Rxc1+ 31. Kh2 d6 32. f4 exf4 33. Bxf4 Ra1 34. Bxd6 h5 35. Kg3 Rf1 36. e5 g6 37.
Be7 Kg7 38. Bf6+ Kf8 39. Bf3 Rb1 40. Kf4 Kg8 41. Kg5 Kh7 42. Be7 Kg7 43. Bd5 Rd1 44. Bf6+ Kg8 45. Bf3 Rb1 46. e6 fxe6 47.
Kxg6 Rb5 48. Bxh5 Rb7 49. Bf3 Rc7 50. h5 Rd7 51. h6 e5 52. Bd5+ 1-0

[Event "KNSB Bekerfinale 2022-2023"]
[Site "Utrecht, Netherlands"]
[Date "2023.05.18"]
[Round "1.8"]
[White "Blokhuis, Jeroen"]
[Black "Kuipers, Stefan"]
[Result "0-1"]
[TimeControl "100 minutes + increment 10 seconds"]
[WhiteTitle "FM"]
[BlackTitle "IM"]
[WhiteFideId "1005456"]
[BlackFideId "1018400"]
[WhiteElo "2311"]
[BlackElo "2446"]

1. e4 c6 2. d4 d5 3. exd5 cxd5 4. Bd3 Nc6 5. c3 Qc7 6. Ne2 Bg4 7. f3 Bd7 8. Bf4 e5 9. dxe5 Nxe5 10.
Bc2 Nf6 11. Nd2 Bd6 12. Bg3 O-O 13. O-O Rfe8 14. Nd4 Nh5 15. Rc1 Nxg3 16. hxg3 Qb6 17. f4 Bg4 18. N2f3 Bxf3 19. gxf3 Nc4 20.
b3 Ne3 21. Qd3 g6 22. Rfe1 Ba3 23. Rb1 Nf5 24. Kg2 Nxd4 25. Qxd4 Qxd4 26. cxd4 Bb4 27. Re5 f6 28. Rxe8+ Rxe8 29.
Kf2 Rc8 30. Bd3 Bc3 31. Rd1 Bxd4+ 32. Kg2 Be3 33. f5 g5 34. Bb1 d4 35. Bd3 h5 36. Bc4+ Kf8 37. Rh1 b5 38. Bd3 a6 39.
Rd1 Ke7 40. Kf1 h4 41. Kg2 Kd6 42. Be4 Ke5 43. gxh4 gxh4 44. Kh3 Kf4 45. Bb7 Ke5 0-1

[Event "KNSB Bekerfinale 2022-2023"]
[Site "Utrecht, Netherlands"]
[Date "2023.05.18"]
[Round "2.1"]
[White "Zwirs, Nico"]
[Black "Fridman, Daniel"]
[Result "0-1"]
[TimeControl "100 minutes + increment 10 seconds"]
[WhiteTitle "IM"]
[BlackTitle "GM"]
[WhiteFideId "1036432"]
[BlackFideId "11600454"]
[WhiteElo "2447"]
[BlackElo "2574"]

1. e4 c6 2. d4 d5 3. exd5 cxd5 4. Nf3 Nc6 5. c3 Bg4 6. h3 Bh5 7. Qb3 Bxf3 8. Qxb7 Qc8 9. Qxc8+ Rxc8 10. gxf3 Nxd4 11. Kd1 Nc6 12. Be3 e6 13. Bb5 a5 14. Nd2 Be7 15. Nb3 Bd8 16. Bc5 Nge7 17. Nd4 e5 18. Nxc6 Nxc6 19.
Re1 f6 20. f4 Kf7 21. Ba6 Rb8 22. Kc2 Be7 23. Bxe7 Kxe7 24. Rad1 Rhd8 25. fxe5 fxe5 26. Rd2 d4 27. f4 dxc3 28.
bxc3 Rxd2+ 29. Kxd2 Rb2+ 30. Kd3 Kd6 31. fxe5+ Nxe5+ 32. Ke4 Nd7 33. Rd1+ Kc6 34. Bc4 Nf6+ 35. Kd4 Rh2 36. Rd3 a4 37. Rg3 g6 38. Rf3 Rd2+ 39. Bd3 Nd7 0-1

[Event "KNSB Bekerfinale 2022-2023"]
[Site "Utrecht, Netherlands"]
[Date "2023.05.18"]
[Round "2.2"]
[White "Pavlidis, Antonios"]
[Black "Pruijssers, Roeland"]
[Result "1-0"]
[TimeControl "100 minutes + increment 10 seconds"]
[WhiteTitle "GM"]
[BlackTitle "GM"]
[WhiteFideId "4212312"]
[BlackFideId "10130108"]
[WhiteElo "2559"]
[BlackElo "2534"]

1. e4 e5 2. Nc3 Nf6 3. d4 exd4 4. Qxd4 Nc6 5. Qd3 Bb4 6. Bd2 O-O 7. O-O-O Re8 8. Nge2 d6 9. h3 b5 10.
Bg5 Ne5 11. Qg3 Bxc3 12. Nxc3 b4 13. Bxf6 Qxf6 14. Nd5 Qd8 15. f4 Nd7 16. Bb5 Rb8 17. Bc6 Rxe4 18. Rhe1 Nc5 19. Rxe4 Nxe4 20.
Qe3 Nc5 21. f5 f6 22. g4 Bd7 23. Bxd7 Nxd7 24. Qxa7 c6 25. Nc7 d5 26. Nxd5 cxd5 27. Rxd5 Qe7 28. Rxd7 Qe1+ 29. Rd1 Qg3 30.
Qd7 h6 31. Qd6 Qe3+ 32. Kb1 Rb6 33. Qd3 Qf2 34. b3 Kh7 35. Qc4 Rb8 36. Rd7 Qg3 37. Qc7 Qe1+ 38. Kb2 Rg8 39. Qc4 Re8 40.
Rd4 Rb8 41. Re4 Qg3 42. Qd3 Qc7 43. h4 Qa5 44. a4 bxa3+ 45. Ka2 Rd8 46. Rd4 Qe5 47. c3 Qh2+ 48. Kxa3 Rf8 49. g5 hxg5 50. hxg5 fxg5 51. f6+ g6 52. Rd7+ Kh6 53. Rd8 1-0

[Event "KNSB Bekerfinale 2022-2023"]
[Site "Utrecht, Netherlands"]
[Date "2023.05.18"]
[Round "2.3"]
[White "Warmerdam, Max"]
[Black "Burg, Twan"]
[Result "1/2-1/2"]
[TimeControl "100 minutes + increment 10 seconds"]
[WhiteTitle "GM"]
[BlackTitle "GM"]
[WhiteFideId "1048104"]
[BlackFideId "1010697"]
[WhiteElo "2607"]
[BlackElo "2524"]

1. d4 Nf6 2. c4 e6 3. Nf3 d5 4. cxd5 exd5 5. Nc3 c6 6. Bf4 Bd6 7. Bxd6 Qxd6 8. e3 b6 9. Be2 Ba6 10.
O-O Bxe2 11. Qxe2 O-O 12. Rac1 Re8 13. Rc2 a5 14. Rfc1 Nbd7 15. h3 h6 16. b3 Re6 17. Na4 Qc7 18.
Nb2 Qb7 19. Nd3 Rc8 20. Nde5 Nb8 21. Ne1 Nfd7 22. N1d3 Nxe5 23. Nxe5 Nd7 24. Nd3 Nb8 25. Rc3 Nd7 26. Nf4 Rd6 27.
a3 Nf6 28. R3c2 Ne4 29. Nd3 Nf6 30. Qd1 Qa6 31. Ne5 Qb5 32. Qf1 Qxb3 33. Rc3 Qa4 34. Qa6 Rf8 35. Nxc6 Ne4 36. R3c2 Qxa3 37.
Qxb6 a4 38. Qb4 Qxb4 39. Nxb4 a3 40. f3 Nf6 41. Rc3 Rb6 42. Na2 Ra8 43. Rc8+ Rxc8 44. Rxc8+ Kh7 45. Rc3 Ra6 46. Kf2 g5 47.
g4 h5 48. Ke2 hxg4 49. hxg4 Ne8 50. Kd3 Rf6 51. Ke2 Ra6 52. Kd3 Rf6 53. Nb4 a2 54. Ra3 Rxf3 55. Nxd5 Rf2 56. Nc3 Nf6 57.
Nxa2 Nxg4 58. Nc3 Nf6 59. Ra1 Kg6 60. Rg1 Kf5 61. e4+ Nxe4 62. Nxe4 Rf3+ 63. Ke2 Kxe4 64. Rxg5 Ke5 1/2-1/2

[Event "KNSB Bekerfinale 2022-2023"]
[Site "Utrecht, Netherlands"]
[Date "2023.05.18"]
[Round "2.4"]
[White "Bosch, Jeroen"]
[Black "Beerdsen, Thomas"]
[Result "1/2-1/2"]
[TimeControl "100 minutes + increment 10 seconds"]
[WhiteTitle "IM"]
[BlackTitle "IM"]
[WhiteFideId "1001280"]
[BlackFideId "1030108"]
[WhiteElo "2419"]
[BlackElo "2507"]

1. d4 Nf6 2. c4 c6 3. Bf4 Qb6 4. b3 d6 5. Nf3 Bg4 6. Nbd2 Nbd7 7. h3 Bxf3 8. Nxf3 e5 9. Be3 d5 10.
c5 Qc7 11. b4 a5 12. a3 Ne4 13. g3 Be7 14. Bg2 Bf6 15. O-O O-O 16. Qc2 Rfe8 17. Rad1 axb4 18. axb4 Ra3 19. Rd3 Ra6 20.
dxe5 Nxe5 21. Bf4 Rea8 22. Re3 Ra2 23. Qb1 Ra1 24. Qxa1 Rxa1 25. Rxa1 g5 26. Ra8+ Kg7 27. Bxe5 Bxe5 28.
Nxe5 Qxe5 29. Bxe4 dxe4 30. Ra7 Qb8 31. Ra1 Qe5 32. Ra7 Qb8 33. Ra1 Qe5 1/2-1/2

[Event "KNSB Bekerfinale 2022-2023"]
[Site "Utrecht, Netherlands"]
[Date "2023.05.18"]
[Round "2.5"]
[White "Lopez, Jasel"]
[Black "Lombaers, Peter"]
[Result "1-0"]
[TimeControl "100 minutes + increment 10 seconds"]
[WhiteTitle "IM"]
[BlackTitle "FM"]
[WhiteFideId "15900045"]
[BlackFideId "1032852"]
[WhiteElo "2401"]
[BlackElo "2368"]

1. d4 d5 2. c4 c6 3. cxd5 cxd5 4. Nc3 Nf6 5. f3 g6 6. e4 dxe4 7. fxe4 Bg7 8. Bb5+ Nfd7 9. Nf3 O-O 10.
O-O a6 11. Bc4 Nc6 12. Be3 Nb6 13. Be2 Bg4 14. d5 Bxf3 15. gxf3 Ne5 16. Qb3 Ned7 17. Rac1 Nc8 18. f4 Nd6 19.
e5 Nf5 20. Bf2 Bh6 21. Qb4 Rc8 22. Bg4 b5 23. b3 Nb6 24. Bxf5 gxf5 25. Qd4 b4 26. Qxb6 Qxb6 27. Bxb6 Rxc3 28.
Rxc3 bxc3 29. Kg2 Rb8 30. Be3 c2 31. Rc1 Rd8 32. Rxc2 Rxd5 33. Rc6 Bf8 34. Rxa6 e6 35. Rc6 Kg7 36.
Kf3 Rd1 37. Rc1 Rd7 38. Ke2 Ba3 39. Rc4 Kg6 40. Bc5 Bb2 41. Rc2 Ba1 42. a4 1-0

[Event "KNSB Bekerfinale 2022-2023"]
[Site "Utrecht, Netherlands"]
[Date "2023.05.18"]
[Round "2.6"]
[White "ten Hertog, Hugo"]
[Black "Lahaye, Rick"]
[Result "0-1"]
[TimeControl "100 minutes + increment 10 seconds"]
[WhiteTitle "GM"]
[BlackTitle "IM"]
[WhiteFideId "1026356"]
[BlackFideId "1007092"]
[WhiteElo "2526"]
[BlackElo "2427"]

1. e4 c5 2. Nc3 a6 3. d4 cxd4 4. Qxd4 Nc6 5. Qd2 d6 6. b3 Nf6 7. Bb2 e6 8. O-O-O b5 9. f3 h5 10.
Kb1 Ra7 11. Nh3 Rd7 12. Bd3 Bb7 13. Rhe1 Be7 14. f4 Nb4 15. Be2 d5 16. exd5 Nbxd5 17. Nxd5 Bxd5 18. Bd3 Qa8 19. Ng5 O-O 20.
Qf2 g6 21. Qg3 Bd8 22. h3 Ne8 23. Nxe6 fxe6 24. Rxe6 Be4 25. Rxg6+ Kh7 26. Rxa6 Rxd3 27. Rxd3 Qc8 28. Ra7+ Bc7 29.
Re3 Rxf4 30. Rxc7+ Qxc7 31. Qe1 Qxc2+ 32. Ka1 Rf2 33. Qc1 Qxc1+ 34. Bxc1 Nf6 35. g4 hxg4 36. hxg4 Bg6 37. Re7+ Kg8 38.
Re5 Bd3 39. Be3 Rg2 40. Bd4 Ne4 41. a4 b4 42. Re8+ Kf7 43. Rb8 Nc3 44. Rxb4 Ra2# 0-1

[Event "KNSB Bekerfinale 2022-2023"]
[Site "Utrecht, Netherlands"]
[Date "2023.05.18"]
[Round "2.7"]
[White "Kumar, Prajit Sai"]
[Black "Kerigan, Demre"]
[Result "0-1"]
[TimeControl "100 minutes + increment 10 seconds"]
[BlackTitle "IM"]
[WhiteFideId "1070207"]
[BlackFideId "6307841"]
[WhiteElo "2256"]
[BlackElo "2357"]

1. d4 d6 2. Nf3 g6 3. e4 Nf6 4. Bd3 Bg7 5. c3 O-O 6. O-O c5 7. dxc5 dxc5 8. Bg5 Nc6 9. Qc2 Qc7 10.
Nbd2 h6 11. Bh4 Nh5 12. Rfe1 Bg4 13. a4 Rad8 14. Be2 Qf4 15. Bg3 Nxg3 16. hxg3 Qc7 17. Nc4 h5 18. Ne3 e6 19. Rad1 Qe7 20.
Rxd8 Rxd8 21. Nxg4 hxg4 22. Nh2 Qg5 23. Bxg4 Rd2 24. Qc1 Qd8 25. Nf1 Rd7 26. Be2 Ne5 27. Qc2 c4 28. Rd1 Rxd1 29.
Bxd1 a6 30. Qd2 Qc7 31. Be2 b5 32. axb5 axb5 33. Ne3 Bf8 34. f4 Nd7 35. Ng4 Kg7 36. Kh2 f5 37. Qd4+ Kf7 38. exf5 gxf5 39.
Ne3 Nf6 40. Bf3 Bc5 41. Qd2 Qa7 42. Nd1 Kg6 43. g4 Qh7+ 44. Kg3 Bg1 45. gxf5+ exf5 46. Bc6 Qh2+ 47. Kf3 Qh5+ 0-1

[Event "KNSB Bekerfinale 2022-2023"]
[Site "Utrecht, Netherlands"]
[Date "2023.05.18"]
[Round "2.8"]
[White "Wemmers, Xander"]
[Black "Blokhuis, Jeroen"]
[Result "1-0"]
[TimeControl "100 minutes + increment 10 seconds"]
[WhiteTitle "IM"]
[BlackTitle "FM"]
[WhiteFideId "1004182"]
[BlackFideId "1005456"]
[WhiteElo "2350"]
[BlackElo "2311"]

1. d4 e6 2. c4 b6 3. a3 Bb7 4. Nc3 f5 5. d5 exd5 6. cxd5 Nf6 7. g3 g6 8. Bg2 Bg7 9. Nf3 O-O 10.
O-O Na6 11. Be3 h6 12. Rc1 Kh7 13. b4 Qe7 14. d6 cxd6 15. Ng5+ hxg5 16. Bxb7 f4 17. Bd4 Nc7 18. Bxa8 Rxa8 19.
Bxf6 Bxf6 20. Ne4 Qxe4 21. Rxc7 Qe6 22. Qd3 Be5 23. Rd1 d5 24. Qxd5 Qxd5 25. Rxd5 Bxc7 26. Rxd7+ Kh6 27. Rxc7 a6 28.
Kg2 fxg3 29. Kxg3 Re8 30. e3 Re6 31. h3 b5 32. Kf3 Rf6+ 33. Ke2 g4 34. hxg4 Kg5 35. f3 Kh4 36. Rc1 Kg3 37. g5 Rd6 38. f4 Kg4 39.
Rc5 Re6 40. Rc7 Rd6 41. Rf7 a5 42. Rf6 Rd7 43. bxa5 Rc7 44. Rxg6 Rc2+ 45. Kd3 Ra2 46. Rb6 Rxa3+ 47. Ke4 Rxa5 48.
g6 1-0